 Dungeon Crawl Stone Soup version 0.31-a0-986-g5e6e4ef867 (webtiles) character file.

Game seed: 11761584169601031890

65 demibob the Poker (level 3, 0/33 HPs)
             Began as a Deep Elf Chaos Knight on Nov 8, 2023.
             Was a Plaything of Xom.
             Succumbed to a black mamba's poison
             ... on level 2 of the Dungeon.
             The game lasted 00:02:26 (1108 turns).

demibob the Poker (Deep Elf Chaos Knight)           Turns: 1108, Time: 00:02:27

Health: 0/33       AC:  5    Str:  9    XL:     3   Next: 92%
Magic:  5/5        EV: 12    Int: 18    God:    Xom [..*...]
Gold:   81         SH:  0    Dex: 14    Spells: 2/2 levels left

rFire   . . .        a - +0 spear (chaos)
rCold   . . .        (no shield)
rNeg    . . .        b - +2 leather armour
rPois   .            (no helmet)
rElec   .            (no cloak)
rCorr   .            (no gloves)
SInv    .            (no boots)
Will    .....        (no amulet) Stlth
                     (no ring)
HPRegen 0.25/turn    (no ring)
MPRegen 0.09/turn

%: no passive effects
@: mighty, berserking, lethally poisoned (0 -> -30), very quick
A: no striking features
a: Renounce Religion


You were on level 2 of the Dungeon.
You worshipped Xom.
You were a toy of Xom.
You visited 1 branch of the dungeon, and saw 2 of its levels.

You collected 81 gold pieces.


   Skills:
 - Level 2.4 Fighting
 - Level 3.6 Polearms
 + Level 0.0(2.9) Staves
 - Level 0.7 Armour
 - Level 2.4 Dodging
 + Level 0.0 Necromancy
 + Level 0.0 Evocations


You had 2 spell levels left.
You didn't know any spells.
Your spell library was empty.

Inventory:

Hand Weapons
 a - a +0 spear of chaos (weapon)
Armour
 b - a +2 leather armour (worn)
 i - a +2 pair of gloves
Magical Staves
 j - a staff of death {!a}
Jewellery
 F - a ring of fire
Scrolls
 d - 2 scrolls of identify {@r1}

Dungeon Overview and Level Annotations

Branches:
Dungeon (2/15)

Altars:

...##.........#
#.#
..[##.........#
#.#
..............#
#.#
###########'###
#.# #
#.##########
#.##### #
#.#........#
#...... #
#.#.b......#
#######
#.#bbbbbb..#
####.#bbb@S...#
#.......bbbb..#
#...b.bbbbb...#
#..b...bb.#####
#....bb..b#
#.........#
#######...#
#...# ###.# #


You could see a black mamba shaped shifter (ally target).


Message History

You feel yourself moving faster!
You feel mighty!
You feel very sick. The black mamba barely misses you.
The black mamba bites you but does no damage.
Unknown command.
You barely miss the black mamba.
The black mamba is lightly wounded.
You feel sick. The black mamba closely misses you.
You closely miss the black mamba.
The black mamba is lightly wounded.
You feel sick.
The black mamba bites you but does no damage.
You puncture the black mamba!
The black mamba is moderately wounded.
You feel sick. The black mamba barely misses you.
You hit the black mamba. You burn the black mamba.
The black mamba is heavily wounded.
You feel sick. The black mamba bites you.
* * * LOW HITPOINT WARNING * * *
You are lethally poisoned!
The black mamba poisons you!
You hit the black mamba.
The black mamba is heavily wounded.
* * * LOW HITPOINT WARNING * * *
You feel very sick.
The black mamba bites you but does no damage.
You miss the black mamba.
The black mamba is heavily wounded.
You die...
Xom thinks this is hilarious!

Skill      XL: |  1  2 |
---------------+-------+-----
Polearms       | 3 |  3.6
Fighting       | |  2.4
Armour         | |  0.7
Dodging        | |  2.4

Action                     || total
---------------------------++-------
  Melee: Spear             ||   136
         Punch             ||     3
    Use: Scroll            ||     4
         Potion            ||     4
   Stab: Sleeping          ||     3
         Confused          ||     2
 Armour: Leather armour    ||    48
  Dodge: Dodged            ||    45

Levels and vault maps discovered:
D:1:      wheals_arrival_shading, layout_basic, minmay_cut_off
D:2:      layout_basic, serial_glass, glass_columns_a, glass_columns_a,
          glass_columns_a, glass_columns_a, uniq_crazy_yiuf_cottage

Notes
Turn   | Place    | Note
-------+----------+-------------------------------------------
     0 | D:1      | demibob the Deep Elf Chaos Knight began the quest for the
                  | Orb.
     0 | D:1      | Reached XP level 1. HP: 13/13 MP: 3/3
   136 | D:1      | Reached XP level 2. HP: 18/18 MP: 4/4
   257 | D:1      | XOM: silly message
   278 | D:1      | Reached skill level 3 in Polearms
   444 | D:1      | Reached XP level 3. HP: 22/22 MP: 5/5
  1090 | D:2      | a worm changed into a glowing shapeshifter
  1090 | D:2      | Noticed a glowing shapeshifter (glowing shapeshifter)
  1090 | D:2      | a glowing shapeshifter changed into a salamander
  1090 | D:2      | Noticed a salamander (glowing shapeshifter)
  1092 | D:2      | a salamander changed into a harpy
  1092 | D:2      | Noticed a harpy (glowing shapeshifter)
  1096 | D:2      | a harpy changed into a black mamba
  1096 | D:2      | Noticed a black mamba (glowing shapeshifter)
  1108 | D:2      | Succumbed to a black mamba's poison

Vanquished Creatures
  2 adders (D:2)
  A worm (D:2)
  4 dart slugs
  5 ball pythons
  A bat (D:1)
  2 endoplasms (D:1)
  A giant cockroach (D:1)
  4 hobgoblins
  2 kobolds (D:1)
  2 quokkas (D:1)
  3 frilled lizards
  4 goblins
  4 rats
35 creatures vanquished.

Table legend: (Time is in decaauts)
 A = Elapsed time spent in this place.
 B = Non-inter-level travel time spent in this place.
 C = Inter-level travel time spent in this place.
 D = Time resting spent in this place.
 E = Time spent auto-exploring this place.
 F = Levels seen in this place.
 G = Mean time per level.
                   A        B        C        D        E       F      G
               +--------+--------+--------+--------+--------+-----+--------+
         Total |   1097 |   1090 |      7 |      3 |    833 |   2 |  548.5 |
       Dungeon |   1097 |   1090 |      7 |      3 |    833 |   2 |  548.5 |
               +--------+--------+--------+--------+--------+-----+--------+

Top non-repeatable levels by time:
     D:1: 665 daAuts
     D:2: 432 daAuts

Table legend:
 A = Non-vault XP
 B = Vault XP
 C = Vault XP percentage of total XP
 D = Non-vault monster count
 E = Vault monster count
 F = Vault count percentage of total count
                 A         B        C        D         E       F
            +---------+---------+-------+---------+---------+-------
      Total |      89 |       4 |   4.3 |      32 |       3 |   8.6
            +---------+---------+-------+---------+---------+-------
        D:1 |      44 |       4 |   8.3 |      22 |       3 |  12.0
        D:2 |      45 |       0 |   0.0 |      10 |       0 |   0.0
            +---------+---------+-------+---------+---------+-------
